 Dungeon Crawl Stone Soup version 0.24-a0-445-gd5110b030a (webtiles) character file.

Game seed: 5343123395823713512

23107 emperorscorpion the Severer (level 12, -55/156 HPs)
             Began as a Deep Dwarf Berserker on June 22, 2019.
             Was a High Priest of Trog.
             Annihilated by an enormous slime creature (65 damage)
             ... summoned by a boggart
             ... on level 15 of the Dungeon.
             The game lasted 00:27:03 (1927 turns).

emperorscorpion the Severer (Deep Dwarf Berserker)  Turns: 1927, Time: 00:27:03

Health: -55/156    AC: 21    Str: 30    XL:     12   Next: 68%
Magic:  6/6        EV: 12    Int:  9    God:    Trog [*****.]
Gold:   113        SH: 16    Dex: 12    Spells: 11/11 levels left

rFire    . . .     SeeInvis .   a - +2 war axe (chop)
rCold    . . .     Gourm    .   f - +2 buckler
rNeg     . . .     Faith    .   d - +0 chain mail
rPois    .         Spirit   .   (no helmet)
rElec    .         Reflect  +   j - +2 cloak
rCorr    .         Harm     .   (no gloves)
MR       +....     Rnd*Tele +   (no boots)
Stlth    ..........             c - +5 amulet of reflection
HPRegen  0.00/turn              e - ring of teleportation
MPRegen  0.10/turn              m - +6 ring of protection

@: berserking, non-regenerating, very quick
A: damage resistance, heal wounds, large bone plates 1, deterioration 1, frail
1, sense surroundings 2, screaming 1, no regeneration
a: Heal Wounds, Berserk, Trog's Hand, Brothers in Arms, Renounce Religion


You were on level 15 of the Dungeon.
You worshipped Trog.
Trog was extremely pleased with you.
You were very hungry.

You visited 1 branch of the dungeon, and saw 15 of its levels.

You collected 113 gold pieces.

Inventory:

Hand Weapons
 a - a +2 war axe of chopping (weapon)
 b - a +2 flail of crushing
 h - a +0 hand axe
 q - a +0 morningstar
 s - a +0 war axe
Missiles
 k - 9 boomerangs
 n - 6 poisoned darts (quivered)
 v - 5 boomerangs of dispersal
Armour
 d - a +0 chain mail (worn)
 f - a +2 buckler (worn)
 g - a +0 animal skin
 j - a +2 cloak (worn)
 o - a +0 large shield
 r - a +0 plate armour
Jewellery
 c - a +5 amulet of reflection (around neck)
 e - a ring of teleportation (left hand)
 i - a -3 ring of protection
 l - an uncursed amulet of guardian spirit
 m - a +6 ring of protection (right hand)
Scrolls
 p - a scroll of teleportation
 t - a scroll of blinking
Comestibles
 u - 2 rations


   Skills:
 + Level 10.0 Fighting
 + Level 15.0(15.1) Axes
 - Level 2.0(9.5) Maces & Flails
 + Level 1.7 Throwing
 + Level 11.0 Armour
 + Level 6.6 Dodging
 + Level 1.0 Stealth
 - Level 4.0 Shields


You had 11 spell levels left.
You didn't know any spells.
Your spell library contained the following spells:

 Spells                   Type           Power        Failure   Level  Hunger
 Corona                   Hex            #......      83%         1    ##.....
 Ensorcelled Hibernation  Hex/Ice        #.....       93%         2    ###....
 Confuse                  Hex            #.......     99%         3    ####...
 Dazzling Spray           Conj/Hex       #.....       99%         3    ####...
 Tukima's Dance           Hex            #.......     99%         3    ####...


Dungeon Overview and Level Annotations

Branches:
Dungeon (15/15)              Lair (0/6) D:9          Depths (0/5) D:15
 Temple: D:4-7          Orc: D:9-12      Vaults: D:13-14

Altars:
Elyvilon

Shops:
D:12 (!(

Annotations:
D:8 Erica


Innate Abilities, Weirdness & Mutations

You are resistant to damage.
You can heal yourself by infusing magical energy.
You passively map the area around you.
You do not regenerate.
You are partially covered in large bone plates. (SH +4)
Your body sometimes deteriorates upon taking damage.
You are frail. (-10% HP)
You occasionally shout uncontrollably at your foes.


Message History

The purple ugly thing basks in the mutagenic energy from its kin and changes!
You block the enormous slime creature's attack.
You slash the enormous slime creature!
The enormous slime creature is moderately wounded.
You slash the enormous slime creature!
The enormous slime creature is heavily wounded.
You block the enormous slime creature's attack.
You slice the enormous slime creature!!
The enormous slime creature is heavily wounded.
The enormous slime creature hits you!!!
* * * LOW HITPOINT WARNING * * *
Unknown command.
You chop the enormous slime creature into pieces!!!
The enormous slime creature is severely wounded.
A boggart appears from thin air!
The white ugly thing basks in the mutagenic energy from its kin and changes!
You slice the enormous slime creature!!
The enormous slime creature is almost dead.
The enormous slime creature hits you!!!
You die...

#........*,,,**#..###............
*,,,,,,,,**,**##.##.......[......
*,,,,,,,,,***##.uc##.............
*,,,,,,,,,,,,#..Huu#.............
,,,,,,,,,,,,,*Wu.Zu#......(......
,,,,,,,,,,,,,**{cu##.............
****,,****,,***#g##.#######..####
* *,,* *,,* #J#..# *..* * *,,*
*,,* #@#..# *,,* * *,,* *,,*
#....# *,,* * *,,* *,,* ###..#
*,,* * *,,* *,,* #..# *,,* * *,,*
*,,* #..# *,,* * *,,* *,,* #W.#
*,,*
****,,****..######..#######..****
,,,,,,,,,,...................,,,,
,,,,,,,,,,...................,,,,


You could see 5 ugly things, an enormous slime creature, a manticore, 2
centaurs, a boggart and a wolf spider zombie.

Vanquished Creatures
  Kirke (D:13)
  2 hydras
  A rakshasa (D:15)
  2 vault guards (D:13)
  6 two-headed ogres
  An alligator (shapeshifter) (D:15)
  An ogre mage (D:15)
  4 skeletal warriors (D:15)
  A harpy (shapeshifter) (D:15)
  A wolf spider zombie (D:15)
  A deep elf mage (D:12)
  2 ugly things
  A salamander (shapeshifter) (D:15)
  A manticore (D:13)
  A cyclops (D:15)
  A centaur zombie (D:13)
  A gargoyle (D:13)
  A centaur skeleton (D:15)
  A freezing wraith (D:15)
  3 trolls
  A meliai (shapeshifter) (D:15)
  12 yaks
  5 humans (D:13)
  3 wyverns
  A wraith (D:15)
  4 vampire mosquitoes (D:15)
  An acid dragon (D:15)
  A sky beast (D:14)
  An ice beast (D:9)
  5 orc warriors
  A necrophage (D:9)
  5 ogres
  2 boggarts (D:15)
  A wolf (D:9)
  A big kobold (D:11)
  4 bullfrogs
  A howler monkey (D:9)
  3 crimson imps
  A jelly (D:9)
  4 orc priests
  6 hounds (D:9)
  2 bullfrog skeletons
  4 orc wizards (D:12)
  3 worker ants
  A killer bee zombie (D:9)
  5 adders
  2 shadow imps
  An ooze (D:1)
  A worm (D:2)
  2 leopard geckos
  24 orcs
  A giant cockroach (D:2)
  A hobgoblin (D:1)
  2 jackals (D:7)
  A quokka (D:2)
  A frilled lizard (D:5)
  A jackal skeleton (D:4)
  6 kobolds
  A leopard gecko skeleton (D:9)
  A quokka skeleton (D:6)
156 creatures vanquished.

Vanquished Creatures (others)
  6 humans (D:13)
  An orc warrior (D:12)
  An ogre (D:13)
  A boggart (D:15)
  A hound (D:13)
  2 orcs (D:13)
12 creatures vanquished.

Grand Total: 168 creatures vanquished

Notes
Turn   | Place    | Note
-------+----------+-------------------------------------------
     0 | D:1      | emperorscorpion the Deep Dwarf Berserker began the quest
                  | for the Orb.
     0 | D:1      | Reached XP level 1. HP: 20/20 MP: 1/1
    18 | D:2      | Reached XP level 2. HP: 16/27 MP: 2/2
   124 | D:4      | Reached skill level 4 in Axes
   124 | D:4      | Reached XP level 3. HP: 11/34 MP: 3/3
   147 | D:4      | Noticed a phantom
   177 | D:5      | Entered Level 5 of the Dungeon
   212 | D:6      | Reached XP level 4. HP: 20/42 MP: 4/4
   271 | D:7      | Noticed a black bear
   283 | D:7      | Noticed an ogre
   291 | D:7      | Noticed a bullfrog
   294 | D:7      | Noticed an ogre
   301 | D:7      | Killed an ogre
   301 | D:7      | Reached XP level 5. HP: 9/50 MP: 5/5
   305 | D:7      | Reached skill level 5 in Axes
   349 | D:8      | Noticed a necrophage
   372 | D:9      | Killed a necrophage
   372 | D:9      | Reached XP level 6. HP: 53/54 MP: 6/6
   419 | D:9      | Noticed a troll
   431 | D:9      | Killed a troll
   431 | D:9      | Reached skill level 6 in Axes
   431 | D:9      | Reached XP level 7. HP: 8/63 MP: 7/7
   432 | D:9      | Reached ** piety under Trog
   440 | D:9      | Reached skill level 7 in Axes
   441 | D:9      | HP: 4/94 [hound (2)]
   444 | D:9      | Reached skill level 5 in Fighting
   590 | D:8      | Noticed Erica
   617 | D:9      | Noticed a wyvern
   624 | D:9      | Killed a wyvern
   624 | D:9      | Reached skill level 5 in Armour
   624 | D:9      | Reached XP level 8. HP: 64/74 MP: 8/8
   719 | D:9      | Found a staircase to the Lair.
   735 | D:10     | Entered Level 10 of the Dungeon
   763 | D:10     | Noticed a two-headed ogre
   771 | D:10     | Killed a two-headed ogre
   771 | D:10     | Reached skill level 8 in Axes
   771 | D:10     | Reached skill level 1 in Shields
   791 | D:11     | Gained mutation: You passively map the area around you.
                  | [Deep Dwarf growth]
   791 | D:11     | Reached XP level 9. HP: 27/82 MP: 9/9
   820 | D:12     | Noticed a brown ugly thing
   821 | D:12     | Found Hon Zoud's Weapon Shoppe.
   836 | D:12     | HP: 4/123 [ogre/+0 giant club (7)]
   837 | D:12     | Reached skill level 9 in Axes
   837 | D:12     | Noticed a five-headed hydra
   862 | D:12     | HP: 3/82 [five-headed hydra (10)]
   876 | D:12     | Killed a five-headed hydra
   906 | D:12     | Reached *** piety under Trog
   952 | D:12     | Noticed a deep elf mage
   958 | D:12     | Noticed a green ugly thing
   964 | D:12     | Killed a deep elf mage
   979 | D:12     | Killed a green ugly thing
   979 | D:12     | Reached XP level 10. HP: 22/92 MP: 8/8
  1012 | D:12     | Reached skill level 1 in Throwing
  1042 | D:12     | Found Funajejo's Distillery.
  1052 | D:12     | Reached skill level 10 in Axes
  1102 | D:12     | Reached **** piety under Trog
  1108 | D:12     | Found Fanaolal's Weapon Boutique.
  1169 | D:13     | Noticed Kirke
  1171 | D:13     | Noticed a manticore
  1173 | D:13     | Noticed a four-headed hydra
  1176 | D:13     | Reached skill level 11 in Axes
  1176 | D:13     | Reached skill level 5 in Dodging
  1178 | D:13     | Noticed a gargoyle
  1179 | D:13     | Killed Kirke
  1183 | D:13     | Reached skill level 12 in Axes
  1189 | D:13     | Killed a manticore
  1189 | D:13     | Reached XP level 11. HP: 35/103 MP: 8/8
  1193 | D:13     | Killed a 15-headed hydra
  1242 | D:13     | Noticed a vault guard
  1242 | D:13     | Noticed a vault guard
  1289 | D:13     | Killed a vault guard
  1318 | D:13     | Reached skill level 13 in Axes
  1343 | D:13     | Killed a vault guard
  1400 | D:15     | Entered Level 15 of the Dungeon
  1447 | D:15     | Noticed a skeletal warrior
  1457 | D:15     | Noticed a skeletal warrior
  1476 | D:15     | Killed a skeletal warrior
  1479 | D:15     | Noticed a skeletal warrior
  1497 | D:15     | Killed a skeletal warrior
  1518 | D:15     | Killed a skeletal warrior
  1531 | D:15     | Reached skill level 10 in Armour
  1588 | D:15     | Gained mutation: Your body sometimes deteriorates upon
                  | taking damage. [potion of mutation]
  1588 | D:15     | Gained mutation: You occasionally shout uncontrollably at
                  | your foes. [potion of mutation]
  1588 | D:15     | Gained mutation: You are frail. (-10% HP) [potion of
                  | mutation]
  1588 | D:15     | Gained mutation: You are partially covered in large bone
                  | plates. (SH +4) [potion of mutation]
  1595 | D:15     | Noticed a two-headed ogre
  1597 | D:15     | Noticed a two-headed ogre
  1597 | D:15     | Noticed an ogre mage
  1597 | D:15     | Noticed a two-headed ogre
  1597 | D:15     | Noticed a two-headed ogre
  1598 | D:15     | Noticed a two-headed ogre
  1606 | D:15     | Killed a two-headed ogre
  1621 | D:15     | Killed an ogre mage
  1621 | D:15     | Reached skill level 14 in Axes
  1621 | D:15     | Reached XP level 12. HP: 70/102 MP: 9/9
  1626 | D:15     | Killed a two-headed ogre
  1626 | D:15     | Received a gift from Trog
  1628 | D:15     | Killed a two-headed ogre
  1634 | D:15     | Killed a two-headed ogre
  1636 | D:15     | Killed a two-headed ogre
  1636 | D:15     | Reached skill level 1 in Stealth
  1661 | D:15     | Found a white marble altar of Elyvilon.
  1786 | D:15     | Noticed a tengu warrior
  1815 | D:15     | Reached ***** piety under Trog
  1822 | D:15     | Noticed a rakshasa
  1838 | D:15     | Killed a rakshasa
  1844 | D:15     | HP: 1/104 [shock serpent (glowing shapeshifter)/bolt of
                  | electricity (16)]
  1845 | D:15     | Noticed an anaconda
  1845 | D:15     | a shock serpent changed into an anaconda
  1854 | D:15     | Noticed an alligator
  1854 | D:15     | an anaconda changed into an alligator
  1857 | D:15     | Killed an alligator
  1857 | D:15     | Reached skill level 10 in Fighting
  1857 | D:15     | Reached skill level 15 in Axes
  1887 | D:15     | Noticed a centaur warrior
  1927 | D:15     | Annihilated by an enormous slime creature

Levels and vault maps discovered:
D:1:      eino_arrival_water_cross, layout_rooms, hangedman_decor_opposing,
          serial_bayou_pond_e
D:2:      layout_rooms, lemuel_crystal_altar
D:3:      layout_loops_ring, first_ration, serial_aquarium,
          aquarium_bridge_straight [aquarium_subvault_bridge,
          aquarium_subvault_wall, aquarium_subvault_bridge,
          aquarium_subvault_wall], aquarium_bridge_square
          [aquarium_subvault_wall, aquarium_subvault_window,
          aquarium_subvault_bridge, aquarium_subvault_bridge],
          aquarium_window_fake, aquarium_window_fake, aquarium_window_2,
          aquarium_window_corridor_2, aquarium_view_2c,
          aquarium_balcony_double_1, kennysheep_another_room,
          minmay_close_crescents
D:4:      layout_rooms, nicolae_ru_great_annihilating_truth, serial_shops, shop,
          chequers_serial_rivers_room_b, st_stairs_9, uniq_blork_the_orc
D:5:      layout_rooms, old_standard_altar, zin_treasury, lemuel_doored_altar,
          minitemple, minmay_temple_entry_offerings, serial_undead,
          serial_undead_d, serial_undead_c, serial_undead_e, serial_undead_c,
          serial_undead_c, serial_undead_b, serial_undead_b, serial_undead_f,
          basic_altar, uniq_eustachio
D:6:      layout_basic, nicolae_overflow_hidden_temple, uniq_sigmund,
          uniq_duvessa, uniq_grinder
D:7:      layout_loops_corners, overflow_temple_1_default, serial_shops,
          nicolae_shop_trees, shop_scrolls, shop_scrolls, shop_fountains,
          hangedman_abyss_or_decor_passed
D:8:      layout_loops_ring, nemelex_xobeh_ov_fountains_minmay,
          overflow_temple_1_default, kennysheep_mini_moat, grunt_pizzeria,
          uniq_erica
D:9:      layout_cave_pods, erik_lair_island
D:10:     layout_basic, orc_0_dummy
D:11:     lemuel_ice_statue, layout_basic, serial_rivers,
          chequers_serial_rivers_large_b, chequers_serial_rivers_small_a,
          chequers_serial_rivers_marsh, chequers_serial_rivers_micro_d
D:12:     layout_gridville, serial_shops, shop_statue, nicolae_shop_stone, shop,
          hangedman_corner_corridor
D:13:     layout_rooms, ximxim_vaults_locker_room, serial_shops,
          nicolae_shop_trees, ploomutoo_gammafunk_ghost_potion_laboratory,
          uniq_urug, uniq_kirke
D:14:     layout_irregular_city, lemuel_crystal_altar
D:15:     gammafunk_enter_depths_forms, layout_small_grid, basic_altar,
          hangedman_abyss_or_decor_stabs

Skill      XL: |  1  2  3  4  5  6  7  8  9 10 11 12 |
---------------+-------------------------------------+-----
Fighting       | 3 4 5 6 7 9 10 | 10.0
Axes           | 4 5 6 7 8 9 12 14 15 | 15.0
Armour         | 3 4 5 6 8 9 10 11 | 11.0
Dodging        | 3 4 5 6 |  6.6
Shields        | 1 4 |  4.0
Maces & Flails | 2 |  2.0
Throwing       | 1 |  1.7
Stealth        | 1 |  1.0

Action                   |  1- 3 |  4- 6 |  7- 9 | 10-12 || total
-------------------------+-------+-------+-------+-------++-------
Melee: Hand axe          |    52 |    37 |    65 |       ||   154
       War axe           |       |       |    90 |   476 ||   566
       Morningstar       |       |       |    19 |       ||    19
Throw: Dart              |       |       |     9 |     2 ||    11
       Boomerang         |       |       |       |     1 ||     1
Invok: Berserk           |     1 |     3 |     5 |     8 ||    17
       Trog's Hand       |       |       |       |     1 ||     1
 Abil: Heal Wounds       |     1 |     1 |    17 |    29 ||    48
  Use: Scroll            |     3 |       |     2 |     5 ||    10
       Potion            |     1 |     1 |     2 |     3 ||     7
  Eat: Ration            |       |     1 |       |       ||     1
       Chunk             |       |       |     5 |    12 ||    17
Armor: Chain mail        |    26 |    28 |   182 |   172 ||   408
Dodge: Dodged            |    29 |    34 |   128 |   143 ||   334
Block: Buckler           |       |       |   124 |   261 ||   385
       Other             |       |       |     2 |       ||     2
       Reflection        |       |       |     5 |    10 ||    15

Table legend:
 A = Non-vault XP
 B = Vault XP
 C = Vault XP percentage of total XP
 D = Non-vault monster count
 E = Vault monster count
 F = Vault count percentage of total count
                 A         B        C        D         E       F
            +---------+---------+-------+---------+---------+-------
      Total |   23901 |    9109 |  27.6 |     133 |      23 |  14.7
            +---------+---------+-------+---------+---------+-------
        D:1 |       9 |       0 |   0.0 |       2 |       0 |   0.0
        D:2 |      26 |       0 |   0.0 |       6 |       0 |   0.0
        D:4 |      57 |       0 |   0.0 |       4 |       0 |   0.0
        D:5 |       1 |       0 |   0.0 |       1 |       0 |   0.0
        D:6 |      15 |       0 |   0.0 |       2 |       0 |   0.0
        D:7 |     221 |       0 |   0.0 |       5 |       0 |   0.0
        D:9 |     799 |     670 |  45.6 |      11 |       8 |  42.1
       D:10 |     920 |       0 |   0.0 |       2 |       0 |   0.0
       D:11 |     108 |       0 |   0.0 |       6 |       0 |   0.0
       D:12 |    5127 |       0 |   0.0 |      44 |       0 |   0.0
       D:13 |    3677 |    4861 |  56.9 |      14 |       8 |  36.4
       D:14 |     289 |       0 |   0.0 |       7 |       0 |   0.0
       D:15 |   12652 |    3578 |  22.0 |      29 |       7 |  19.4
            +---------+---------+-------+---------+---------+-------
